 Dungeon Crawl Stone Soup version 0.21-a0-442-g848f44b (webtiles) character file.

236 theanonym the Insei (level 5, -8/60 HPs)
             Began as a Draconian Transmuter on Nov 15, 2017.
             Was an Initiate of Ashenzari.
             Killed by divine providence
             ... invoked by an orc priest
              (11 damage)
             ... on level 4 of the Dungeon.
             The game lasted 00:10:10 (4280 turns).

theanonym the Insei (Draconian Transmuter)          Turns: 4280, Time: 00:10:11

Health: -8/60      AC: 22    Str: 12    XL:     5   Next: 77%
Magic:  6/9        EV:  2    Int: 14    God:    Ashenzari [......]
Gold:   186        SH:  0    Dex: 12    Spells: 0/10 levels left

rFire    . . .     SeeInvis .     - Unarmed
rCold    . . .     Gourm    .   (no shield)
rNeg     + + +     Faith    .   (armour unavailable)
rPois    +         Spirit   .   (helmet currently unavailable)
rElec    .         Reflect  .   (cloak currently unavailable)
rCorr    .         Harm     .   (gloves currently unavailable)
MR       .....     NoTele   +   (boots currently unavailable)
Stlth    +.........             (no amulet)
HPRegen  0.20/turn              j - ring of poison resistance (curse) {rPois}
MPRegen  0.11/turn              (no ring)

@: tree-form
A: unfitting armour, AC +5
a: Curse Item, Renounce Religion


Innate Abilities, Weirdness & Mutations

((Your plain brown scales are hard. (AC +5)))
You cannot fit into any form of body armour.
((You are cold-blooded and may be slowed by cold attacks.))


   Skills:
 - Level 1.1 Fighting
 - Level 1.7 Dodging
 + Level 4.2 Unarmed Combat
 + Level 3.3 Spellcasting
 + Level 3.5 Transmutations
 + Level 2.1 Poison Magic


You couldn't memorise any spells.
You knew the following spells:

 Your Spells              Type           Power        Failure   Level  Hunger
i - Ice Form              Ice/Tmut       #.......     69%         4    #####..
q - Beastly Appendage     Tmut           ##....       4%          1    #......
s - Spider Form           Tmut/Pois      ##........   19%         3    ###....
v - Sticks to Snakes      Tmut           ##......     7%          2    ##.....

Skill      XL: |  1  2  3  4  5 |
---------------+----------------+-----
Poison Magic   | 1 2 |  2.1
Transmutations | 3 |  3.5
Spellcasting   | 3 |  3.3
Unarmed Combat | 4 |  4.2
Fighting       | |  1.1
Dodging        | |  1.7

Action                   |  1- 3 |  4- 6 || total
-------------------------+-------+-------++-------
Melee: Unarmed           |   150 |   211 ||   361
       Kick              |     5 |     1 ||     6
       Tailslap          |     5 |    22 ||    27
       Headbutt          |     1 |     4 ||     5
       Punch             |       |     1 ||     1
 Cast: Beastly Appendage |     6 |     4 ||    10
       Spider Form       |       |     5 ||     5
       Sticks to Snakes  |       |     1 ||     1
Invok: Curse Item        |       |     2 ||     2
  Use: Scroll            |       |     5 ||     5
       Potion            |       |     3 ||     3
 Stab: Sleeping          |     3 |       ||     3
  Eat: Chunk             |     3 |     3 ||     6
       Bread ration      |       |     1 ||     1
       Royal jelly       |       |     1 ||     1
Armor: Skin              |    59 |    28 ||    87
Dodge: Dodged            |    90 |    92 ||   182

Inventory:

Missiles
 a - 56 arrows
Armour
 o - a +0 pair of gloves (melded)
   (You found it on level 3 of the Dungeon)
 p - a cursed +0 cloak (melded)
   (You found it on level 2 of the Dungeon)
Jewellery
 j - a cursed ring of poison resistance (left branch) {rPois}
   (You found it on level 1 of the Dungeon)
Scrolls
 d - a scroll of fog {unknown}
 e - 2 scrolls of immolation {unknown}
 f - 3 scrolls of magic mapping {unknown}
 k - a scroll of enchant weapon {unknown}
 m - 4 scrolls of teleportation {unknown}
 n - a scroll of random uselessness {unknown}
 x - a scroll of recharging {unknown}
Potions
 g - 2 potions of degeneration
 i - a potion of magic
 q - a potion of flight
 r - 2 potions of agility
 t - a potion of mutation
 u - 2 potions of curing
 v - a potion of brilliance {unknown}
Books
 b - a book of Changes

   Spells                             Type                      Level
   a - Beastly Appendage              Transmutation                1
   b - Sticks to Snakes               Transmutation                2
   c - Spider Form                    Transmutation/Poison         3
   d - Ice Form                       Ice/Transmutation            4
   e - Blade Hands                    Transmutation                5
Comestibles
 c - 4 bread rations
 s - a meat ration

Dungeon Overview and Level Annotations

Branches:
Dungeon (4/15)
 Temple: D:4-7

Altars:
Ashenzari
Elyvilon
Okawaru
Sif Muna
Uskayaw
Vehumet


You were on level 4 of the Dungeon.
You worshipped Ashenzari.
Ashenzari was noncommittal.
You were not hungry.
You were a tree.
You visited 1 branch of the dungeon, and saw 4 of its levels.

You collected 186 gold pieces.


Message History

You hit the hobgoblin.
You kill the hobgoblin!
No target in view!
No target in view!
No target in view!
r - 2 potions of agility (gained 1)
m - 4 scrolls labeled VESADA XUNOE (gained 1)
You now have 186 gold pieces (gained 25).
You see here an uncursed club.
There is an open door here.
There is an open door here.
You see here an uncursed club.
There is an open door here.
There is an open door here.
There is an open door here.
You see here a stone.
Items here: ( ))) an uncursed flail; an uncursed spear; 12 stones; an uncursed club Key pressed, stopping explore.
Done exploring.
Done exploring.
Unknown command.
Done exploring.
Done exploring.
Done exploring.
Done exploring.
No target in view!
No target in view!
No target in view!
No target in view!
Items here: ( ))) an uncursed flail; an uncursed spear; 12 stones; an uncursed club You see here a stone.
There is a stone staircase leading down here.
You climb downwards. 2 orcs, an orc wizard and a skeleton come into view.
The orc wizard shouts!
The orc shouts!
You hear an angry hiss.
Found an uncursed helmet and an uncursed ring of poison resistance.
Found a stone staircase leading down.
There is a stone staircase leading up here.
You climb upwards.
There is a stone staircase leading down here.
You see here a stone.
Items here: ( ))) 12 stones; an uncursed flail; an uncursed spear; an uncursed club
There is an open door here.
You are near starving!
Items here: ))) [[ an uncursed ring mail; an uncursed whip; an uncursed ring mail an uncursed club; an uncursed trident You eat the royal jelly.
That royal jelly was delicious!
(D) Dungeon
Where to? (Enter - D:3 @ (x,y), ? - help)
Things that are here:
a tomahawk; an uncursed club You see here a tomahawk.
There is a stone staircase leading down here.
You climb downwards.
There is a stone staircase leading up here.
An orc priest and a skeleton come into view.
The orc priest shouts!
The orc priest looks satisfied for a moment.
An orc comes into view.
Ashenzari warns you: It is wielding a club and quivering 2 poisoned tomahawks.
The orc priest calls down the wrath of Beogh upon you.
Beogh smites you!
The orc moves out of view.
You hear a shout!
An orc comes into view.
You take 12 damage, and have 28/40 hp.
MASSIVE DAMAGE!!
There is a stone staircase leading up here.
You start resting.
You turn into a venomous arachnid creature.
Your cursed +0 cloak melds into your body.
Your +0 pair of gloves melds into your body.
You now have 6/9 mp.
The orc priest invokes the aid of Beogh against you.
Beogh smites you!
* * * LOW HITPOINT WARNING * * *
You take 11 damage, and have 17/40 hp.
MASSIVE DAMAGE!!
The orc shouts!
The orc priest miscasts a cantrip.
You hit the orc priest but do no damage.
The orc priest mumbles some strange prayers to Beogh against you.
Beogh smites you!
* * * LOW HITPOINT WARNING * * *
You take 14 damage, and have 4/40 hp.
MASSIVE DAMAGE!!
You bite the orc priest!
The orc priest is poisoned.
The orc priest hits you with a club.
* * * LOW HITPOINT WARNING * * *
You take 2 damage, and have 2/40 hp.
Your transformation has ended.
Your cursed +0 cloak unmelds from your body.
Your +0 pair of gloves unmelds from your body.
You turn into a tree.
Your cursed +0 cloak melds into your body.
Your +0 pair of gloves melds into your body.
Your roots penetrate the ground.
The orc priest invokes the aid of Beogh against you.
Beogh smites you!
You die...

########..
######..ooZ.o..
#......♣#
#.......#
#....<..#
#..........#
############


You could see an orc priest, 2 orcs and a quokka skeleton.

Notes
Turn   | Place    | Note
-------+----------+-------------------------------------------
     0 | D:1      | theanonym the Draconian Transmuter began the quest for the Orb.
     0 | D:1      | Reached XP level 1. HP: 16/16 MP: 3/3
   133 | D:1      | Reached XP level 2. HP: 21/23 MP: 3/5
   445 | D:1      | Reached XP level 3. HP: 25/28 MP: 4/6
   521 | D:1      | Learned a level 3 spell: Spider Form
  1041 | D:2      | HP: 11/28 [adder (4)]
  1472 | D:2      | Learned a level 2 spell: Sticks to Snakes
  1689 | D:2      | Reached XP level 4. HP: 28/35 MP: 8/8
  1719 | D:2      | HP: 17/35 [poisoned by an adder]
  2621 | D:3      | Reached skill level 1 in Poison Magic
  2648 | D:3      | Reached skill level 3 in Transmutations
  2799 | D:3      | Found a shattered altar of Ashenzari.
  2810 | D:3      | Reached skill level 3 in Spellcasting
  2841 | D:3      | Became a worshipper of Ashenzari the Shackled
  2963 | D:3      | Reached XP level 5. HP: 36/40 MP: 9/9
  3001 | D:3      | Reached skill level 4 in Unarmed Combat
  3014 | D:3      | HP: 19/40 [gnoll (3)]
  3026 | D:3      | HP: 20/40 [gnoll/spear (1)]
  3354 | D:3      | Found an iron altar of Okawaru.
  3365 | D:3      | HP: 18/40 [orc/enchanted hand axe (4)]
  3373 | D:3      | HP: 3/40 [orc priest/divine providence (12)]
  3376 | D:3      | Reached skill level 2 in Poison Magic
  3666 | D:3      | Learned a level 4 spell: Ice Form
  3702 | D:3      | Found a hide-covered altar of Uskayaw.
  3706 | D:3      | Noticed a dagger
  3707 | D:3      | Noticed a hand axe
  3885 | D:3      | Found a white marble altar of Elyvilon.
  3964 | D:3      | Found an iron altar of Okawaru.
  3966 | D:3      | Found a radiant altar of Vehumet.
  3966 | D:3      | Found a deep blue altar of Sif Muna.
  4276 | D:4      | HP: 17/40 [orc priest/divine providence (11)]
  4278 | D:4      | HP: 4/40 [orc priest/divine providence (14)]
  4280 | D:4      | Killed from afar by an orc priest

Vanquished Creatures
  An orc priest (D:3)
  7 gnolls (D:3)
  4 adders
  3 oozes (D:1)
  A worm (D:3)
  2 dart slugs
  3 leopard geckos (D:3)
  8 orcs (D:3)
  4 giant cockroaches
  10 goblins
  7 hobgoblins
  6 kobolds
  2 ball pythons (D:1)
  9 bats
  9 frilled lizards
  7 rats
  A plant (D:2)
84 creatures vanquished.
